 Dungeon Crawl Stone Soup version 0.29-b1-12-g9e2288ab2a (webtiles) character file.

Game seed: 15126592214270982381

203 Zeldest the Charlatan (level 6, -1/45 (50) HPs)
             Began as a Meteoran Artificer on Aug 23, 2022.
             Slain by a wight
             ... wielding a +2 long sword
              (3 damage)
             ... on level 4 of the Dungeon.
             The game lasted 00:07:23 (1124 turns).

Zeldest the Charlatan (Meteoran Artificer)          Turns: 1124, Time: 00:07:24

HP:   -1/45 (50)    AC:  5    Str: 15    XL:     6   Next: 30%
MP:   8/8           EV:  9    Int: 14    God:
Gold: 97            SH:  8    Dex: 14    Spells: 7/7 levels left

rFire   . . .      SeeInvis .   j - +1 hand axe (freeze)
rCold   . . .      Faith    +   h - +0 kite shield
rNeg    . . .      Spirit   .   b - +0 leather armour
rPois   .          Reflect  .   (no helmet)
rElec   .          Harm     .   o - +0 cloak
rCorr   .          Rampage  .   r - +0 pair of gloves
Will    .....                   (no boots)
Stlth   +.........              t - amulet of faith
HPRegen 0.15/turn               (no ring)
MPRegen 0.11/turn               (no ring)

@: glowing, heavily drained
A: sense surroundings 1, otherworldly, glowing, explore regen
a: no special abilities


You were on level 4 of the Dungeon.
You visited 1 branch of the dungeon, and saw 4 of its levels.

You collected 128 gold pieces.
You spent 31 gold pieces at shops.

Inventory:

Hand Weapons
 a - a +0 morningstar
 j - a +1 hand axe of freezing (weapon)
 s - a +3 dagger
Armour
 b - a +0 leather armour (worn)
 h - a +0 kite shield (worn)
 o - a +0 cloak (worn)
 r - a +0 pair of gloves (worn)
Jewellery
 t - an amulet of faith (around neck)
 x - a ring of flight
Wands
 c - a wand of flame (9) (quivered)
 d - a wand of charming (6)
 e - a wand of iceblast (11)
 z - a wand of mindburst (5)
Scrolls
 g - 3 scrolls of vulnerability
 i - 2 scrolls of amnesia {unknown}
 k - 3 scrolls of magic mapping {unknown}
 m - a scroll of blinking {unknown}
 q - 2 scrolls of teleportation {unknown}
 u - a scroll of fog {unknown}
 y - a scroll of brand weapon {unknown}
Potions
 f - a potion of flight
 l - a potion of degeneration {unknown}
 n - a potion of brilliance {unknown}
 p - a potion of might {unknown}
 v - a potion of attraction {unknown}
 w - a potion of mutation {unknown}
 A - a potion of lignification {unknown}


   Skills:
 + Level 2.9 Fighting
 - Level 2.4 Armour
 - Level 1.2 Dodging
 - Level 0.6 Stealth
 + Level 2.4 Shields
 + Level 2.9 Unarmed Combat
 + Level 1.2 Spellcasting
 + Level 1.2 Summonings
 + Level 4.9 Evocations


You had 7 spell levels left.
You didn't know any spells.
Your spell library contained the following spells:

 Spells                   Type           Power      Damage    Failure   Level
 Animate Armour           Summ/Erth      4%         N/A       100%        4
 Summon Horrible Things   Summ           2%         N/A       100%        8


Dungeon Overview and Level Annotations

Branches:
Dungeon (4/15) Zot: 1201
 Temple: D:4-7

Altars:

Shops:
D:1 *


Innate Abilities, Weirdness & Mutations

You passively map a small area around you.
You are easily found by Zot.
You glow in the dark.
You regain HP and MP as you explore.


Message History

Press: ? - help, Shift-Dir - straight line, f/p - wight
Aim: a wight, wielding a +2 flail and wearing a +0 robe (chance to affect: 62%)
The wight resists with significant effort.
You block the gnoll's attack. The wight hits you with a +2 flail.
You feel drained.
Aiming: Charm
Press: ? - help, Shift-Dir - straight line, f/p - wight
Aim: a wight, wielding a +2 flail and wearing a +0 robe (chance to affect: 62%)
The wight is charmed.
You block the gnoll's attack. You block the wight's attack.
The gnoll barely misses you. The wight barely misses your wight.
Aiming: Charm
Press: ? - help, Shift-Dir - straight line, f - wight, p - wight
Aim: a wight, wielding a +0 long sword and wearing a +0 robe (chance to affect: 62%)
The wight is charmed.
You block the gnoll's attack.
The wight hits your wight with a +2 long sword!
The gnoll hits you with a +0 spear!
* * * LOW HITPOINT WARNING * * *
Your wight hits the gnoll with a +0 long sword.
You hit the gnoll. You freeze the gnoll.
You kill the gnoll!
Your wight barely misses the wight.
Your wight misses the wight.
The wight hits your wight with a +2 long sword!
Your wight is destroyed!
Your wight barely misses the wight.
Aiming: Throw Flame
Press: ? - help, Shift-Dir - straight line, f - wight, p - wight
Aim: a wight, wielding a +2 long sword and wearing a +0 robe (ally target, 74% to hit)
The puff of flame hits the wight.
The wight is lightly damaged.
Your wight hits the wight with a +0 long sword.
Aiming: Throw Flame
Press: ? - help, Shift-Dir - straight line, f/p - wight
Aim: a wight, wielding a +2 long sword and wearing a +0 robe (heavily damaged, ally target, 74% to hit)
The puff of flame hits the wight.
The wight is almost destroyed.
The wight hits you with a +2 long sword!
* * * LOW HITPOINT WARNING * * *
You feel drained.
You die...

#.########## #...
...... ####### #..#*
#.###) #.....#
#..####.#...
#.....####..##.....))
#.....)).............
#.....#####..........
#..............#.#...
###.@######......##..
#.z# #...##.##.. #)z#
#..###..... ####..#
#..# ##.#..
#.....######..# .#..
#.##......)...# .###
# #..#######. #..# *
* *#..# , ,


You could see a wight (ally target) and a friendly wight (charmed).

Vanquished Creatures
  An orc priest (D:3)
  4 gnolls
  3 adders (D:3)
  2 worms
  3 dart slugs
  8 orcs
  3 ball pythons
  5 endoplasms
  2 giant cockroaches (D:3)
  5 goblins
  7 hobgoblins
  3 kobolds
  6 bats
  3 frilled lizards
  5 rats
60 creatures vanquished.

Vanquished Creatures (collateral kills)
  3 gnolls (D:4)
  2 giant cockroaches (D:3)
  A goblin (D:3)
  A kobold (D:4)
7 creatures vanquished.

Vanquished Creatures (others)
  A wight (D:4)
1 creature vanquished.

Grand Total: 68 creatures vanquished

Notes
Turn   | Place    | Note
-------+----------+-------------------------------------------
     0 | D:1      | Zeldest the Meteoran Artificer began the quest for the Orb.
     0 | D:1      | Reached XP level 1. HP: 16/16 MP: 2/2
    32 | D:1      | Reached XP level 2. HP: 2/23 MP: 3/3
    42 | D:2      | You fall into a shaft and drop 1 floor!
    56 | D:3      | Reached skill level 1 in Unarmed Combat
   121 | D:2      | Reached skill level 4 in Evocations
   138 | D:2      | Reached XP level 3. HP: 28/29 MP: 4/4
   239 | D:1      | Found Buwine's Assorted Antiques.
   315 | D:1      | Bought a scroll labelled ALIOMIWOCA for 31 gold pieces
   384 | D:2      | Reached skill level 1 in Shields
   515 | D:3      | Reached XP level 4. HP: 30/36 MP: 5/5
   668 | D:3      | Reached XP level 5. HP: 34/42 MP: 6/6
   750 | D:3      | Got the Incunabulum of the Helpful Caves
  1054 | D:4      | Reached XP level 6. HP: 42/50 MP: 8/8
  1076 | D:4      | Reached skill level 1 in Spellcasting
  1079 | D:4      | Reached skill level 1 in Summonings
  1124 | D:4      | HP: 2/47 [wight/+2 long sword (10)]
  1124 | D:4      | Slain by a wight

Illustrated notes

Levels and vault maps discovered:
D:1:      reono_arrival_mine, layout_basic, serial_shops, shop, shop,
          nicolae_shop_window_shopping, minmay_misc_feat_nine_boxes
D:2:      layout_basic, basic_altar, hellmonk_ecumenical_altar_lost_god
D:3:      layout_basic, serial_shops, nicolae_shop_waterfront, minivault_23,
          grunt_decor_clamped, hex_large, grunt_ministairs_6,
          minmay_randomly_rotated_circles
D:4:      layout_loops_ring, mainiacjoe_overflow_alcove_1, gammafunk_ghost_arena

Skill      XL: |  1  2  3  4  5  6 |
---------------+-------------------+-----
Unarmed Combat | 1 2 |  2.9
Evocations     | 4 |  4.9
Fighting       | 2 |  2.9
Shields        | 1 2 |  2.4
Spellcasting   | 1 |  1.2
Summonings     | 1 |  1.2
Armour         | |  2.4
Dodging        | |  1.2
Stealth        | |  0.6

Action                   |  1- 3 |  4- 6 || total
-------------------------+-------+-------++-------
Melee: Unarmed           |    12 |       ||    12
       Punch             |     1 |       ||     1
       Morningstar       |    23 |       ||    23
       Hand axe          |    45 |    81 ||   126
Evoke: Wand              |     4 |    12 ||    16
  Use: Scroll            |     1 |     1 ||     2
Armor: Leather armour    |    30 |    26 ||    56
Dodge: Dodged            |    41 |    35 ||    76
Block: Kite shield       |    24 |    38 ||    62
